AoeStats
← [La14]Uvita

Arabia

510010953Analyzed
1v1 RM · 3d ago on Sep 29, 2026· 44m 39s· 2 players
Game mode
Random Map
Map size
Tiny (2 player)
Population
200
Speed
Normal
Resources
Standard
Victory
Conquest
Starting age
Dark Age
Ending age
Imperial Age
RankedLock teamsTeams togetherTeam positionsShared explorationLock speedFull tech treeHidden civsTurbo modeCheats
Victory
Defeat
🇦🇷 Magyars · Argentina
908
+16
🇨🇴 Franks · Colombia
901
-16
Neop
7:38 Loom
10:17 Feudal Age
26:43 Castle Age
24:44 Double-Bit Axe
26:51 Pikeman
27:32 Squires
30:02 Forging
32:21 Husbandry
33:37 Iron Casting
[La14]Uvita
6:06 Loom
9:35 Feudal Age
10:15 Double-Bit Axe
10:23 Horse Collar
16:19 Scale Barding Armor
22:15 Castle Age
20:36 Fletching
21:28 Gold Mining
22:26 Pikeman
24:16 Scale Mail Armor
28:27 Bow Saw
29:02 Wheelbarrow
29:02 Padded Archer Armor
28:52 Crossbowman
28:53 Elite Skirmisher
29:58 Stone Mining
30:53 Thumb Ring
31:20 Town Watch
32:13 Bloodlines
32:21 Bodkin Arrow
34:26 Ballistics
35:06 Chain Barding Armor
36:04 Corvinian Army
36:51 Heavy Plow
37:21 Husbandry
43:04 Imperial Age
42:51 Chain Mail Armor
44:08 Conscription
43:43 Cavalier
Connection lost

Rejoining the realm…

Still unreachable

The connection could not be restored.

Session expired

The server has moved on; the page needs a fresh start.